| TOP OF THE 1ST |
|
University of Oklahoma Sooners batting - Pitching for University of Southern California Trojans : RHP Oscar Alvarado
|
|
Pitching: RHP Oscar Alvarado
|
|
|
Batting: RHB Patrick Pinault
|
0-0: Called Strike 0-1: Ground out 1-3 (Groundball, P, EV 70.0 MPH)
|
|
Batting: RHB Terrell Smith
|
0-0: Ball 1-0: Fly out, F7 (Flyball, 78M, EV 81.9 MPH)
|
|
Batting: RHB Connell Boyle Jr.
|
0-0: Ball 1-0: Foul Ball, location: 2F 1-1: SOLO HOME RUN (Flyball, 9D, EV 96.9 MPH), Distance : 379 ft
|
|
Batting: RHB Carlos Gonzales
|
0-0: Ball 1-0: Foul Ball, location: 2F 1-1: Ground out 6-3 (Groundball, 56, EV 99.4 MPH)
|
| Top of the 1st over - 1 run, 1 hit, 0 errors, 0 left on base; University of Oklahoma 1 - University of Southern California 0 |
| BOTTOM OF THE 1ST |
|
University of Southern California Trojans batting - Pitching for University of Oklahoma Sooners : RHP Paul Gibbens
|
|
Pitching: RHP Paul Gibbens
|
|
|
Batting: RHB Joaquin Salazar
|
0-0: SINGLE (Groundball, 34D, EV 105.0 MPH)
|
|
Batting: RHB Arturo Galdamez
|
0-0: Ball Joaquin Salazar steals 2nd base 1-0: Ball 2-0: Called Strike 2-1: Ground out 4-3 (Groundball, 4, EV 86.9 MPH) Joaquin Salazar to third
|
|
Batting: RHB Carlos Livas
|
0-0: Fly out, F4 (Line Drive, 4, EV 72.5 MPH)
|
|
Batting: LHB Miguel Espinoza
|
0-0: Called Strike 0-1: Ground out 4-3 (Groundball, 4, EV 88.8 MPH)
|
| Bottom of the 1st over - 0 runs, 1 hit, 0 errors, 1 left on base; University of Oklahoma 1 - University of Southern California 0 |
| TOP OF THE 2ND |
|
University of Oklahoma Sooners batting - Pitching for University of Southern California Trojans : RHP Oscar Alvarado
|
|
Batting: RHB Jesus Montana
|
0-0: Called Strike 0-1: Ball 1-1: Swinging Strike 1-2: Ball 2-2: Strikes out swinging
|
|
Batting: RHB Elmar Adenauer
|
0-0: Called Strike 0-1: Foul Ball, location: 2F 0-2: Ball 1-2: Ball 2-2: Ball 3-2: Base on Balls
|
|
Batting: RHB Yang-cheng Kui
|
0-0: SINGLE (Line Drive, 56D, EV 96.9 MPH) Elmar Adenauer to second
|
|
Batting: RHB Josh Lynch
|
0-0: Called Strike 0-1: Ball 1-1: Ball 2-1: TRIPLE (Flyball, 78XD, EV 100.0 MPH) Elmar Adenauer scores Yang-cheng Kui scores
|
|
Pinch Runner at 3rd Edwin Gutierrez:
|
|
|
Batting: RHB Otok Barleyfoot
|
0-0: Swinging Strike 0-1: Ball 1-1: Foul Ball, location: 2F 1-2: Ball 2-2: Foul Ball, location: 2F 2-2: Foul Ball, location: 2F 2-2: Ground out 5-3 (Groundball, 56S, EV 77.5 MPH) Edwin Gutierrez scores
|
|
Batting: RHB Patrick Pinault
|
0-0: Called Strike 0-1: Ball 1-1: Swinging Strike 1-2: Foul Ball, location: 2F 1-2: Ball 2-2: Foul Ball, location: 2F 2-2: Strikes out swinging
|
| Top of the 2nd over - 3 runs, 2 hits, 0 errors, 0 left on base; University of Oklahoma 4 - University of Southern California 0 |
| BOTTOM OF THE 2ND |
|
University of Southern California Trojans batting - Pitching for University of Oklahoma Sooners : RHP Paul Gibbens
|
|
Now at SS: Alex Koral
|
|
|
Batting: SHB Rodrigo Mendoza
|
0-0: Called Strike 0-1: Ball 1-1: Ball 2-1: Foul Ball, location: 2F 2-2: Strikes out swinging
|
|
Batting: LHB Kien-lung Zou
|
0-0: Ball 1-0: Fly out, F3 (Popup, 3F, EV 65.0 MPH)
|
|
Batting: LHB Ivan Castillo
|
0-0: Fly out, F8 (Line Drive, 8LD, EV 98.8 MPH)
|
| Bottom of the 2nd over - 0 runs, 0 hits, 0 errors, 0 left on base; University of Oklahoma 4 - University of Southern California 0 |
| TOP OF THE 3RD |
|
University of Oklahoma Sooners batting - Pitching for University of Southern California Trojans : RHP Oscar Alvarado
|
|
Batting: RHB Terrell Smith
|
0-0: Called Strike 0-1: Foul Ball, location: 2F 0-2: Ball 1-2: Ball 2-2: Fly out, F8 (Line Drive, 8LM, EV 108.1 MPH)
|
|
Batting: RHB Connell Boyle Jr.
|
0-0: Foul Ball, location: 2F 0-1: Ball 1-1: Foul Ball, location: 2F 1-2: Fly out, F8 (Line Drive, 8LD, EV 91.9 MPH)
|
|
Batting: RHB Carlos Gonzales
|
0-0: Called Strike 0-1: Ball 1-1: Ball 2-1: Foul Ball, location: 2F 2-2: Ground out 1-3 (Groundball, 13S, EV 72.5 MPH)
|
| Top of the 3rd over - 0 runs, 0 hits, 0 errors, 0 left on base; University of Oklahoma 4 - University of Southern California 0 |
| BOTTOM OF THE 3RD |
|
University of Southern California Trojans batting - Pitching for University of Oklahoma Sooners : RHP Paul Gibbens
|
|
Batting: RHB Albert Zaragoza
|
0-0: Swinging Strike 0-1: Foul Ball, location: 2F 0-2: Ball 1-2: Ball 2-2: Foul Ball, location: 2F 2-2: Ball 3-2: Base on Balls
|
|
Batting: RHB Adam Copsey
|
0-0: Fielders Choice at 2nd, 3-6 (Groundball, 34S, EV 83.1 MPH)
|
|
Batting: RHB Joaquin Salazar
|
0-0: Ball 1-0: Called Strike 1-1: Fly out, F6 (Popup, 6D, EV 63.8 MPH)
|
|
Batting: RHB Arturo Galdamez
|
0-0: Swinging Strike 0-1: Foul Ball, location: 2F 0-2: Strikes out looking
|
| Bottom of the 3rd over - 0 runs, 0 hits, 0 errors, 1 left on base; University of Oklahoma 4 - University of Southern California 0 |
| TOP OF THE 4TH |
|
University of Oklahoma Sooners batting - Pitching for University of Southern California Trojans : RHP Oscar Alvarado
|
|
Batting: RHB Jesus Montana
|
0-0: Called Strike 0-1: Foul Ball, location: 2F 0-2: Foul Ball, location: 2F 0-2: Ball 1-2: Ball 2-2: Ball 3-2: Foul Ball, location: 2F 3-2: Foul Ball, location: 2F 3-2: Foul Ball, location: 2F 3-2: Fly out, F8 (Flyball, 78D, EV 110.6 MPH)
|
|
Batting: RHB Elmar Adenauer
|
0-0: Ball 1-0: Ball 2-0: Ball 3-0: Called Strike 3-1: Called Strike 3-2: Foul Ball, location: 2F 3-2: Fly out, F9 (Flyball, 89D, EV 98.1 MPH)
|
|
Batting: RHB Yang-cheng Kui
|
0-0: Ball 1-0: Ground out 6-3 (Groundball, 6, EV 90.6 MPH)
|
| Top of the 4th over - 0 runs, 0 hits, 0 errors, 0 left on base; University of Oklahoma 4 - University of Southern California 0 |
| BOTTOM OF THE 4TH |
|
University of Southern California Trojans batting - Pitching for University of Oklahoma Sooners : RHP Paul Gibbens
|
|
Batting: RHB Carlos Livas
|
0-0: Ball 1-0: Foul Ball, location: 2F 1-1: Ball 2-1: Fly out, F9 (Flyball, 89D, EV 85.6 MPH)
|
|
Batting: LHB Miguel Espinoza
|
0-0: Ball 1-0: Ball 2-0: Foul Ball, location: 2F 2-1: Ball 3-1: Foul Ball, location: 2F 3-2: Foul Ball, location: 2F 3-2: Base on Balls
|
|
Batting: SHB Rodrigo Mendoza
|
0-0: Ball Miguel Espinoza is caught stealing 2nd base 2-6 1-0: Swinging Strike 1-1: Ball 2-1: Ball 3-1: Base on Balls
|
|
Batting: LHB Kien-lung Zou
|
0-0: Ball Rodrigo Mendoza is caught stealing 2nd base 2-6
|
| Bottom of the 4th over - 0 runs, 0 hits, 0 errors, 0 left on base; University of Oklahoma 4 - University of Southern California 0 |
| TOP OF THE 5TH |
|
University of Oklahoma Sooners batting - Pitching for University of Southern California Trojans : RHP Oscar Alvarado
|
|
Pitching: RHP Henrique Rabaa
|
|
|
Now at SS: Alex Chairez
|
|
|
Batting: RHB Alex Koral
|
0-0: Foul Ball, location: 2F 0-1: Ball 1-1: Foul Ball, location: 2F 1-2: Strikes out swinging
|
|
Batting: RHB Otok Barleyfoot
|
0-0: Called Strike 0-1: Ball 1-1: Called Strike 1-2: Strikes out swinging, 2-3 out at first.
|
|
Batting: RHB Patrick Pinault
|
0-0: Fly out, F7 (Flyball, 7, EV 91.2 MPH)
|
| Top of the 5th over - 0 runs, 0 hits, 0 errors, 0 left on base; University of Oklahoma 4 - University of Southern California 0 |
| BOTTOM OF THE 5TH |
|
University of Southern California Trojans batting - Pitching for University of Oklahoma Sooners : RHP Paul Gibbens
|
|
Pitching: RHP Danny Reyes
|
|
|
Batting: LHB Kien-lung Zou
|
0-0: Swinging Strike 0-1: Swinging Strike 0-2: Ball 1-2: Strikes out swinging
|
|
Batting: LHB Alex Chairez
|
0-0: Ball 1-0: Foul Ball, location: 2F 1-1: Ball 2-1: Ball 3-1: Ground out 1-3 (Groundball, 13S, EV 66.2 MPH)
|
|
Batting: RHB Albert Zaragoza
|
0-0: Called Strike 0-1: Ball 1-1: Ball 2-1: Ball 3-1: Called Strike 3-2: Base on Balls
|
|
Batting: RHB Adam Copsey
|
0-0: Fielders Choice at 2nd, 5-4 (Groundball, 5, EV 89.4 MPH)
|
| Bottom of the 5th over - 0 runs, 0 hits, 0 errors, 1 left on base; University of Oklahoma 4 - University of Southern California 0 |
| TOP OF THE 6TH |
|
University of Oklahoma Sooners batting - Pitching for University of Southern California Trojans : RHP Henrique Rabaa
|
|
Batting: RHB Terrell Smith
|
0-0: Called Strike 0-1: Ball 1-1: Swinging Strike 1-2: Strikes out swinging
|
|
Batting: RHB Connell Boyle Jr.
|
0-0: Ball 1-0: Called Strike 1-1: Foul Ball, location: 2F 1-2: Ball 2-2: Foul Ball, location: 2F 2-2: Ball 3-2: Base on Balls
|
|
Batting: RHB Carlos Gonzales
|
0-0: Ball 1-0: Ball 2-0: Called Strike 2-1: Fly out, F7 (Flyball, 7, EV 72.5 MPH)
|
|
Batting: RHB Jesus Montana
|
0-0: Called Strike 0-1: Called Strike 0-2: Strikes out looking
|
| Top of the 6th over - 0 runs, 0 hits, 0 errors, 1 left on base; University of Oklahoma 4 - University of Southern California 0 |
| BOTTOM OF THE 6TH |
|
University of Southern California Trojans batting - Pitching for University of Oklahoma Sooners : RHP Danny Reyes
|
|
Batting: RHB Joaquin Salazar
|
0-0: Ball 1-0: Called Strike 1-1: Ball 2-1: Ground out U3 (Groundball, 3, EV 103.1 MPH)
|
|
Batting: RHB Arturo Galdamez
|
0-0: Called Strike 0-1: Ground out 1-3 (Groundball, 15S, EV 66.2 MPH)
|
|
Batting: RHB Carlos Livas
|
0-0: Called Strike 0-1: Ball 1-1: Ball 2-1: Called Strike 2-2: Strikes out swinging
|
| Bottom of the 6th over - 0 runs, 0 hits, 0 errors, 0 left on base; University of Oklahoma 4 - University of Southern California 0 |
| TOP OF THE 7TH |
|
University of Oklahoma Sooners batting - Pitching for University of Southern California Trojans : RHP Henrique Rabaa
|
|
Batting: RHB Elmar Adenauer
|
0-0: Called Strike 0-1: Called Strike 0-2: Ball 1-2: Strikes out looking
|
|
Batting: SHB Bobby Davey
|
0-0: Swinging Strike 0-1: Foul Ball, location: 2F 0-2: Strikes out looking
|
|
Batting: RHB Alex Koral
|
0-0: Ball 1-0: Called Strike 1-1: Foul Ball, location: 2F 1-2: Foul Ball, location: 2F 1-2: Fly out, F9 (Flyball, 89D, EV 107.5 MPH)
|
| Top of the 7th over - 0 runs, 0 hits, 0 errors, 0 left on base; University of Oklahoma 4 - University of Southern California 0 |
| BOTTOM OF THE 7TH |
|
University of Southern California Trojans batting - Pitching for University of Oklahoma Sooners : RHP Danny Reyes
|
|
Pitching: RHP Aiden Fagan
|
|
|
Batting: LHB Miguel Espinoza
|
0-0: Swinging Strike 0-1: Swinging Strike 0-2: Strikes out swinging
|
|
Batting: SHB Rodrigo Mendoza
|
0-0: Ball 1-0: Ball 2-0: Fly out, F9 (Flyball, 8RM, EV 95.0 MPH)
|
|
Batting: LHB Kien-lung Zou
|
0-0: Ball 1-0: Called Strike 1-1: Foul Ball, location: 2F 1-2: Strikes out swinging
|
| Bottom of the 7th over - 0 runs, 0 hits, 0 errors, 0 left on base; University of Oklahoma 4 - University of Southern California 0 |
| TOP OF THE 8TH |
|
University of Oklahoma Sooners batting - Pitching for University of Southern California Trojans : RHP Henrique Rabaa
|
|
Pitching: RHP Eric Hepner
|
|
|
Batting: RHB Otok Barleyfoot
|
0-0: Ball 1-0: Foul Ball, location: 2F 1-1: Foul Ball, location: 2F 1-2: Strikes out swinging
|
|
Batting: RHB Patrick Pinault
|
0-0: Called Strike 0-1: Foul Ball, location: 2F 0-2: Fly out, F7 (Flyball, 7S, EV 81.9 MPH)
|
|
Pinch Hitting: RHB Roger Pelley
|
0-0: Fly out, F9 (Flyball, 9, EV 96.2 MPH)
|
| Top of the 8th over - 0 runs, 0 hits, 0 errors, 0 left on base; University of Oklahoma 4 - University of Southern California 0 |
| BOTTOM OF THE 8TH |
|
University of Southern California Trojans batting - Pitching for University of Oklahoma Sooners : RHP Aiden Fagan
|
|
Now in RF: Ruben del Toro
|
|
|
Batting: LHB Alex Chairez
|
0-0: Ball 1-0: Ball 2-0: Ball 3-0: Base on Balls
|
|
Batting: RHB Albert Zaragoza
|
0-0: SINGLE (Groundball, 56S, EV 65.0 MPH) (infield hit) Alex Chairez to second
|
|
Pinch Hitting: LHB Jeremy Kosnik
|
0-0: Ball Wild Pitch! Alex Chairez to third Albert Zaragoza to second 1-0: Fly out, F9 (Flyball, 9S, EV 82.5 MPH)
|
|
Pinch Hitting: RHB Tameo Shigematsu
|
0-0: Swinging Strike 0-1: Called Strike 0-2: Ball 1-2: Ball 2-2: Strikes out looking
|
|
Pinch Hitting: RHB Luis Cruz
|
0-0: Ball 1-0: Fly out, F8 (Flyball, 8LD, EV 103.8 MPH)
|
| Bottom of the 8th over - 0 runs, 1 hit, 0 errors, 2 left on base; University of Oklahoma 4 - University of Southern California 0 |
| TOP OF THE 9TH |
|
University of Oklahoma Sooners batting - Pitching for University of Southern California Trojans : RHP Eric Hepner
|
|
Now at 2B: Melvin Ramirez
|
|
|
Now in LF: Luis Cruz
|
|
|
Now in CF: Tameo Shigematsu
|
|
|
Batting: RHB Connell Boyle Jr.
|
0-0: Ball 1-0: Ball 2-0: Ball 3-0: Base on Balls
|
|
Batting: RHB Carlos Gonzales
|
0-0: Called Strike 0-1: Called Strike 0-2: Foul Ball, location: 2F 0-2: Strikes out looking
|
|
Pinch Hitting: RHB David Severino
|
0-0: Fielders Choice at 2nd, 1-6 (Groundball, 13S, EV 61.9 MPH)
|
|
Batting: RHB Elmar Adenauer
|
0-0: Called Strike 0-1: Ball 1-1: Called Strike 1-2: Ball 2-2: Ball 3-2: Ground out 5-3 (Groundball, 56, EV 83.1 MPH)
|
| Top of the 9th over - 0 runs, 0 hits, 0 errors, 1 left on base; University of Oklahoma 4 - University of Southern California 0 |
| BOTTOM OF THE 9TH |
|
University of Southern California Trojans batting - Pitching for University of Oklahoma Sooners : RHP Aiden Fagan
|
|
Pitching: RHP Victor Tejada
|
|
|
Now in LF: Quintin Fletcher
|
|
|
Pinch Hitting: LHB Beau Aderson
|
0-0: Called Strike 0-1: Ball 1-1: Called Strike 1-2: Ball 2-2: Ball 3-2: Strikes out swinging
|
|
Batting: SHB Miguel Flores
|
0-0: Called Strike 0-1: Ball 1-1: Ball 2-1: Ball 3-1: Foul Ball, location: 2F 3-2: Fly out, F8 (Flyball, 78XD, EV 98.8 MPH)
|
|
Pinch Hitting: SHB Chris Barrett
|
0-0: Ball 1-0: Ground out 5-3 (Groundball, 5, EV 85.6 MPH)
|
| Bottom of the 9th over - 0 runs, 0 hits, 0 errors, 0 left on base; University of Oklahoma 4 - University of Southern California 0 |
|